 Dungeon Crawl Stone Soup version 0.30.0-5-g1a98f26d00 (webtiles) character file.

Game seed: 14032066170296627487

109 qeuew the Covered (level 4, -2/40 HPs)
             Began as a Minotaur Fighter on May 12, 2023.
             Slain by an orc priest
             ... wielding a +0 dagger
              (4 damage)
             ... on level 3 of the Dungeon.
             The game lasted 00:01:50 (2152 turns).

qeuew the Covered (Minotaur Fighter)                Turns: 2152, Time: 00:01:50

Health: -2/40      AC:  7    Str: 21    XL:     4   Next: 60%
Magic:  3/3        EV: 10    Int:  5    God:
Gold:   155        SH:  4    Dex: 11    Spells: 3/3 levels left

rFire   + . .        a - +0 war axe
rCold   . . .        c - +0 buckler
rNeg    . . .        b - +0 scale mail
rPois   .            (helmet restricted)
rElec   .            (no cloak)
rCorr   .            (no gloves)
SInv    .            (no boots)
Will    .....        (no amulet) Stlth
                     f - ring of flight
HPRegen 0.26/turn    (no ring)
MPRegen 0.08/turn

%: no passive effects
@: flying
A: horns 2, retaliatory headbutt, fire resistance 1
a: no special abilities


You were on level 3 of the Dungeon.
You visited 1 branch of the dungeon, and saw 3 of its levels.

You collected 155 gold pieces.

Inventory:

Hand Weapons
 a - a +0 war axe (weapon)
Missiles
 j - 2 throwing nets (quivered)
Armour
 b - a +0 scale mail (worn)
 c - a +0 buckler (worn)
Jewellery
 f - a ring of flight (left hand)
Scrolls
 k - a scroll of teleportation {unknown}
 l - a scroll of enchant weapon {unknown}
Potions
 d - a potion of might
 e - a potion of heal wounds
 g - 2 potions of ambrosia {unknown}
 h - a potion of flight
 i - a potion of brilliance {unknown}


   Skills:
 + Level 4.1 Fighting
 + Level 3.1 Axes
 * Level 4.9 Armour
 + Level 1.7 Dodging
 + Level 4.2 Shields


You had 3 spell levels left.
You didn't know any spells.
Your spell library contained the following spells:

 Spells                   Type           Power      Damage    Failure   Level
 Dazzling Flash           Conj/Hex       0%         N/A       99%         3
 Volatile Blastmotes      Fire/Tloc      0%         2d10      99%         3
 Iskenderun's Mystic Bla  Conj/Tloc      0%         2d3       100%        4
 Starburst                Conj/Fire      0%         6d3       100%        6


Dungeon Overview and Level Annotations

Branches:
Dungeon (3/15)

Altars:

Shops:
D:2 :


Innate Abilities, Weirdness & Mutations

You have a pair of horns on your head.
You reflexively headbutt those who attack you in melee.
Your flesh is heat resistant. (rF+)


Message History

An orc priest is nearby!
An orc priest is nearby!
The orc priest hits you but does no damage.
Things that are here:
a +0 hand axe; an orc corpse An orc priest is nearby!
You barely miss the orc priest. You headbutt the orc priest.
The orc priest is lightly wounded.
The orc priest invokes the aid of Beogh against you.
Beogh smites you!
The orc priest invokes the aid of Beogh against you.
Beogh smites you!
You are too injured to fight recklessly!
An orc priest is nearby!
An orc priest is nearby!
You are too injured to fight recklessly!
An orc priest is nearby!
You are too injured to fight recklessly!
Unknown command.
You barely miss the orc priest.
The orc priest is lightly wounded.
The orc priest hits you with a +0 dagger.
Unknown command.
You slash the orc priest!
The orc priest is severely wounded.
The orc priest mumbles some strange prayers to Beogh against you.
Beogh smites you!
* * * LOW HITPOINT WARNING * * *
The orc priest hits you but does no damage.
Unknown command.
You barely miss the orc priest.
The orc priest is severely wounded.
The orc priest closely misses you.
Unknown command.
You closely miss the orc priest.
The orc priest is severely wounded.
The orc priest hits you with a +0 dagger.
* * * LOW HITPOINT WARNING * * *
The orc priest hits you with a +0 dagger.
You die...

###.# #######...# ..##
........#####..# .'
#######...#....####.#
..........#.#.... ..##
########..)...... ...
##.##.#..## #.#
######)..#.#..####.#####.#
#..........#..o@.........
#.####...#...........###
#.## ##.##.#.#####.#.#
##..## #..........#$†..#
.....# #..#######.###..#
##..####.## ....
........## ..... ##..#####
###.. #..# .


You could see an orc priest.

Vanquished Creatures
  A gnoll (D:1)
  4 adders
  A worm (D:3)
  A dart slug (D:3)
  3 orcs (D:3)
  3 bats
  5 endoplasms
  3 giant cockroaches
  5 goblins
  7 hobgoblins
  9 kobolds
  4 ball pythons
  4 frilled lizards (D:1)
  5 rats
55 creatures vanquished.

Notes
Turn   | Place    | Note
-------+----------+-------------------------------------------
     0 | D:1      | qeuew the Minotaur Fighter began the quest for the Orb.
     0 | D:1      | Reached XP level 1. HP: 19/19 MP: 0/0
   159 | D:1      | Reached XP level 2. HP: 11/27 MP: 1/1
   513 | D:1      | Reached skill level 1 in Dodging
   518 | D:1      | Reached XP level 3. HP: 33/33 MP: 2/2
   797 | D:2      | Found Isaen's Book Emporium.
  1111 | D:2      | Reached XP level 4. HP: 40/40 MP: 3/3
  1780 | D:2      | Gained mutation: Your flesh is heat resistant. (rF+)
                  | [potion of mutation]
  2152 | D:3      | HP: 2/40 [orc priest/+0 dagger (4)]
  2152 | D:3      | Slain by an orc priest

Illustrated notes

Levels and vault maps discovered:
D:1:      minmay_arrival_semitransparent, layout_loops_cross,
          kennysheep_pointless_box
D:2:      layout_basic, serial_shops, shop, kennysheep_generic_room_6
D:3:      layout_loops_ring, nicolae_gozag_cash_rules_everything_around_me,
          trog_hazing_becter, ebering_ecumenical_altar_hall, saegor_snake_ambush

Skill      XL: |  1  2  3 |
---------------+----------+-----
Armour         | 4 |  4.9
Dodging        | 1 |  1.7
Axes           | 3 |  3.1
Shields        | 4 |  4.2
Fighting       | 4 |  4.1

Action                     |  1- 3 |  4- 6 || total
---------------------------+-------+-------++-------
  Melee: War axe           |    83 |    32 ||   115
         Headbutt          |     7 |     6 ||    13
    Use: Potion            |     1 |     2 ||     3
         Scroll            |       |     5 ||     5
 Armour: Scale mail        |    41 |    15 ||    56
  Dodge: Dodged            |    44 |    17 ||    61
  Block: Buckler           |    19 |     3 ||    22
